Map: Invader LE

Players

NewSmiLe - Winner!

  • Race: Protoss Protoss
  • League: Silver

capac

  • Race: Terran Terran
  • League: Gold

VOD

Have the link to the VOD?

Description

Time

  • Played on: April 25, 2016, 9:32 p.m.
  • Length: 12:01
Show
View Real Time Build Order
Export as new Build Order

NewSmiLe Protoss - Winner!

Build Orders: 1 Gate Expand 

Get SALT Encoding   

  12  0:01  Probe (Chrono Boost)  
  13  0:12  Probe (Chrono Boost)  
  14  0:22  Probe (Chrono Boost)  
  15  0:28  Pylon  
  15  0:34  Assimilator  
  15  0:47  Probe (Chrono Boost)  
  16  0:50  Gateway  
  16  0:54  Gateway  
  16  0:57  Probe (Chrono Boost)  
  17  1:08  Probe (Chrono Boost)  
  19  1:18  Probe (Chrono Boost)  
  19  1:29  Probe (Chrono Boost)  
  20  1:42  Nexus  
  20  1:48  Probe (Chrono Boost), Cybernetics Core  
  21  1:55  Pylon  
  21  1:58  Probe (Chrono Boost)  
  22  2:04  Assimilator  
  22  2:09  Probe (Chrono Boost)  
  23  2:25  Warp Gate  
  23  2:27  Adept  
  25  2:32  Probe (Chrono Boost)  
  26  2:37  Gateway  
  26  2:42  Twilight Council  
  25  3:00  Mothership Core (Chrono Boost)  
  25  3:02  Probe (Chrono Boost)  
  29  3:12  Probe (Chrono Boost)  
  29  3:17  Adept  
  29  3:18  Probe (Chrono Boost)  
  32  3:23  Probe (Chrono Boost)  
  33  3:32  Pylon  
  33  3:38  Gateway  
  33  3:42  Probe (Chrono Boost)  
  33  3:43  Gateway  
  34  4:03  Probe (Chrono Boost)  
  34  4:07  Pylon  
  35  4:14  Probe (Chrono Boost)  
  36  4:24  Probe (Chrono Boost)  
  37  4:36  Forge  
  35  4:46  Dark Shrine  
  35  4:51  Probe x2 (Chrono Boost)  
  37  4:58  Protoss Ground Weapons Level 1  
  37  5:02  Probe x2 (Chrono Boost), Robotics Facility  
  39  5:08  Pylon  
  39  5:11  Pylon  
  39  5:12  Probe (Chrono Boost)  
  40  5:15  Resonating Glaives (Chrono Boost)  
  40  5:22  Adept  
  40  5:23  Adept x2  
  40  5:24  Probe, Adept  
  49  5:35  Probe  
  50  5:38  Photon Cannon  
  50  5:44  Pylon  
  50  5:47  Probe  
  50  5:48  Assimilator  
  51  5:50  Assimilator  
  51  5:53  Warp Prism (Chrono Boost)  
  53  5:59  Probe  
  53  6:01  Stalker  
  53  6:02  Stalker  
  53  6:03  Stalker  
  60  6:21  Mothership Core  
  62  6:26  Probe  
  63  6:38  Probe  
  64  6:42  Probe  
  64  6:44  Nexus  
  64  6:46  Pylon  
  65  6:49  Pylon  
  65  6:50  Probe  
  66  6:54  Probe  
  66  6:58  Dark Templar x2  
  66  6:59  Dark Templar  
  66  7:00  Dark Templar  
  75  7:02  Probe  
  75  7:06  Probe  
  77  7:14  Probe  
  78  7:18  Probe  
  65  8:17  Stalker x2  
  65  8:18  Stalker x2  
  73  8:22  Immortal (Chrono Boost)  
  73  8:26  Robotics Facility  
  75  8:27  Robotics Facility  
  75  8:29  Probe x2  
  77  8:38  Photon Cannon  
  77  8:39  Photon Cannon  
  77  8:41  Probe x2, Photon Cannon  
  78  8:44  Photon Cannon  
  78  8:47  Assimilator  
  79  8:49  Assimilator  
  79  8:53  Probe x2  
  85  8:56  Immortal (Chrono Boost)  
  85  9:15  Stalker  
  85  9:16  Stalker  
  89  9:17  Stalker  
  89  9:20  Stalker  
  93  9:26  Immortal x2 (Chrono Boost)  
  93  9:29  Immortal (Chrono Boost)  
  105  9:42  Protoss Ground Weapons Level 2  
  103  11:03  Immortal x3 (Chrono Boost)  
  115  11:05  Adept  
  115  11:35  Stalker  
Show
View Real Time Build Order
Export as new Build Order

capac Terran 

Build Orders: Reaper Expand 

Get SALT Encoding   

  12  0:02  SCV  
  13  0:14  SCV  
  13  0:19  Supply Depot  
  14  0:26  SCV  
  15  0:41  SCV  
  16  0:43  Barracks  
  16  0:45  Refinery  
  16  0:53  SCV  
  17  1:05  SCV  
  18  1:17  SCV  
  19  1:33  Reaper  
  19  1:34  Orbital Command  
  20  1:46  Command Center  
  20  1:52  Supply Depot  
  20  2:02  SCV  
  20  2:05  Marine  
  22  2:18  Factory  
  22  2:21  Barracks  
  22  2:23  Marine  
  22  2:24  SCV  
  24  2:31  Refinery  
  24  3:01  Barracks Reactor  
  24  3:05  Factory Tech Lab  
  24  3:09  Starport  
  24  3:17  Bunker  
  24  3:19  Orbital Command  
  24  3:21  Marine  
  25  3:29  SCV  
  26  3:38  Siege Tank  
  29  3:47  Marine x2  
  29  3:48  Marine  
  32  4:00  Viking  
  34  4:09  Engineering Bay  
  33  4:26  Marine  
  33  4:28  Marine  
  35  4:36  SCV  
  36  4:42  SCV  
  36  4:43  Marine  
  36  4:44  Marine, Siege Tank  
  42  4:46  Viking  
  42  4:48  SCV  
  42  4:52  Marine  
  46  4:55  Missile Turret  
  46  5:22  Missile Turret  
  46  5:49  Marine x3, Siege Tank, SCV x2  
  54  5:57  Supply Depot  
  54  6:05  SCV x2  
  54  6:07  Marine x2  
  54  6:09  Starport Reactor  
  58  6:14  Command Center  
  58  6:15  Barracks Tech Lab  
  58  6:17  Terran Infantry Weapons Level 1  
  58  6:20  SCV  
  58  6:23  SCV  
  60  6:38  SCV x2, Sensor Tower  
  60  6:39  Marine x2  
  64  7:14  Marine x3  
  67  7:17  SCV x2  
  67  7:19  Missile Turret  
  67  7:20  Medivac  
  44  7:46  Siege Tank  
  35  8:18  Siege Tank  
  29  8:50  Siege Tank  
  29  9:38  Marine x2  
  28  9:56  Marine  
  28  10:10  Engineering Bay  
  28  10:14  Orbital Command  
  25  10:39  SCV  
  21  11:34  SCV x2  
  23  11:47  Factory  
Tags
 
Add a new tag
Caveats
  • Supply blocks, unpowered buildings, or Contaminate may cause inaccurate times.
  • Supply counts are checked every 10 seconds.